HSSL
FRESNO HS RED WINGS @ INDIANAPOLIS HS RIFLES
04/27/2028
 
TOP OF THE 1ST
Fresno HS Red Wings batting - Pitching for Indianapolis HS Rifles : LHP Will Hayes
Pitching: LHP Will Hayes
Batting: RHB Adrián Velásquez 0-0: Called Strike
0-1: Ball
1-1: Foul Ball, location: 2F
1-2: Ball
2-2: Foul Ball, location: 2F
2-2: Strikes out swinging
Batting: RHB Harry Payne 0-0: Foul Ball, location: 2F
0-1: Ball
1-1: Ground out 5-3 (Groundball, 56S)
Batting: RHB Thomas English 0-0: Ground out 4-3 (Groundball, 4)
Top of the 1st over - 0 run(s), 0 hit(s), 0 error(s), 0 left on base; Fresno HS 0 - Indianapolis HS 0
BOTTOM OF THE 1ST
Indianapolis HS Rifles batting - Pitching for Fresno HS Red Wings : RHP Tom Land
Pitching: RHP Tom Land
Batting: RHB Howard Robinson 0-0: Swinging Strike
0-1: Swinging Strike
0-2: Foul Ball, location: 2F
0-2: Ball
1-2: Ground out U3 (Groundball, 3)
Batting: LHB James Gibbons 0-0: Ground out 4-3 (Groundball, 34)
Batting: RHB Dwayne Roldán 0-0: Ball
1-0: Called Strike
1-1: Foul Ball, location: 2F
1-2: Foul Ball, location: 2F
1-2: Ball
2-2: Strikes out swinging
Bottom of the 1st over - 0 run(s), 0 hit(s), 0 error(s), 0 left on base; Fresno HS 0 - Indianapolis HS 0
TOP OF THE 2ND
Fresno HS Red Wings batting - Pitching for Indianapolis HS Rifles : LHP Will Hayes
Batting: SHB Xavier Stout 0-0: Ground out U3 (Groundball, 3)
Batting: RHB Bob Howard 0-0: DOUBLE (Line Drive, 3D)
Batting: RHB Roberto Santos 0-0: Ball
1-0: Ball
2-0: Called Strike
2-1: Foul Ball, location: 2F
2-2: Foul Ball, location: 2F
2-2: Ball
3-2: Ground out 1-3 (Groundball, P)
Bob Howard to third
Batting: RHB Luis Mata 0-0: Ball
1-0: Foul Ball, location: 2F
1-1: Foul Ball, location: 2F
1-2: Ball
2-2: Foul Ball, location: 2F
2-2: Strikes out looking
Top of the 2nd over - 0 run(s), 1 hit(s), 0 error(s), 1 left on base; Fresno HS 0 - Indianapolis HS 0
BOTTOM OF THE 2ND
Indianapolis HS Rifles batting - Pitching for Fresno HS Red Wings : RHP Tom Land
Batting: LHB Dave Sanders 0-0: Ball
1-0: Fly out, F8 (Line Drive, 8LM)
Batting: RHB Kevin Robinson 0-0: Ball
1-0: Ball
2-0: SINGLE (Line Drive, 6MD)
Batting: LHB Benny Marte 0-0: Called Strike
0-1: Fielders Choice at 2nd, 1-4 (Groundball, 15S)
Batting: RHB Jason Tomlin 0-0: Ball
1-0: Foul Ball, location: 2F
1-1: Swinging Strike
1-2: Foul Ball, location: 2F
1-2: Strikes out swinging
Bottom of the 2nd over - 0 run(s), 1 hit(s), 0 error(s), 1 left on base; Fresno HS 0 - Indianapolis HS 0
TOP OF THE 3RD
Fresno HS Red Wings batting - Pitching for Indianapolis HS Rifles : LHP Will Hayes
Batting: RHB Harvey Willis 0-0: Ground out 4-3 (Groundball, 4)
Batting: RHB Drew Rice 0-0: Foul Ball, location: 2F
0-1: Foul Ball, location: 2F
0-2: Strikes out looking
Batting: RHB Adrián Velásquez 0-0: Foul Ball, location: 2F
0-1: DOUBLE (Line Drive, 9LM)
Batting: RHB Harry Payne 0-0: Foul Ball, location: 2F
0-1: Swinging Strike
0-2: Ball
1-2: Hit by Pitch
Batting: RHB Thomas English 0-0: Ball
1-0: Ball
2-0: Ball
3-0: Called Strike
3-1: Base on Balls
Adrián Velásquez to third
Harry Payne to second
Batting: SHB Xavier Stout 0-0: Swinging Strike
0-1: Swinging Strike
0-2: Foul Ball, location: 2F
0-2: Ball
1-2: Foul Ball, location: 2F
1-2: Ball
2-2: Foul Ball, location: 2F
2-2: Strikes out swinging
Top of the 3rd over - 0 run(s), 1 hit(s), 0 error(s), 3 left on base; Fresno HS 0 - Indianapolis HS 0
BOTTOM OF THE 3RD
Indianapolis HS Rifles batting - Pitching for Fresno HS Red Wings : RHP Tom Land
Batting: RHB Juan Valdéz 0-0: Foul Ball, location: 2F
0-1: Ball
1-1: SINGLE (Line Drive, 5L)
Batting: RHB Lorenzo Camacho 0-0: Swinging Strike
0-1: Ground out 3-1 (Groundball, 34S)
Juan Valdéz to second
Batting: RHB Howard Robinson 0-0: Foul Ball, location: 2F
0-1: Ball
Passed Ball!
Juan Valdéz to third
1-1: Swinging Strike
1-2: 2-RUN HOME RUN (Flyball, 89XD), Distance : 417 ft
Batting: LHB James Gibbons 0-0: Swinging Strike
0-1: Ball
1-1: Swinging Strike
1-2: Strikes out swinging
Batting: RHB Dwayne Roldán 0-0: Foul Ball, location: 2F
0-1: Ball
1-1: Ball
2-1: Ball
3-1: Fly out, F3 (Line Drive, 34)
Bottom of the 3rd over - 2 run(s), 2 hit(s), 0 error(s), 0 left on base; Fresno HS 0 - Indianapolis HS 2
TOP OF THE 4TH
Fresno HS Red Wings batting - Pitching for Indianapolis HS Rifles : LHP Will Hayes
Batting: RHB Bob Howard 0-0: Called Strike
0-1: Ball
1-1: Ball
2-1: Swinging Strike
2-2: Foul Ball, location: 2F
2-2: Ball
3-2: Ground out 3-1 (Groundball, 34S)
Batting: RHB Roberto Santos 0-0: Ball
1-0: Foul Ball, location: 2F
1-1: Swinging Strike
1-2: Ground out 6-3 (Groundball, 6)
Batting: RHB Luis Mata 0-0: Called Strike
0-1: Swinging Strike
0-2: SINGLE (Groundball, 34D)
Batting: RHB Harvey Willis 0-0: Called Strike
0-1: Ball
1-1: Foul Ball, location: 2F
1-2: Foul Ball, location: 2F
1-2: Ball
Luis Mata steals 2nd base
2-2: Foul Ball, location: 2F
2-2: Strikes out looking
Top of the 4th over - 0 run(s), 1 hit(s), 0 error(s), 1 left on base; Fresno HS 0 - Indianapolis HS 2
BOTTOM OF THE 4TH
Indianapolis HS Rifles batting - Pitching for Fresno HS Red Wings : RHP Tom Land
Batting: LHB Dave Sanders 0-0: Called Strike
0-1: Called Strike
0-2: Ground out 1-3 (Groundball, P)
Batting: RHB Kevin Robinson 0-0: Called Strike
0-1: Ball
1-1: Foul Ball, location: 2F
1-2: Foul Ball, location: 2F
1-2: SINGLE (Line Drive, 89S)
Batting: LHB Benny Marte 0-0: Foul Ball, location: 2F
0-1: Grounds into double play, 6-4-3 (Groundball, 6)
Bottom of the 4th over - 0 run(s), 1 hit(s), 0 error(s), 0 left on base; Fresno HS 0 - Indianapolis HS 2
TOP OF THE 5TH
Fresno HS Red Wings batting - Pitching for Indianapolis HS Rifles : LHP Will Hayes
Batting: RHB Drew Rice 0-0: Ground out 6-3 (Groundball, 6)
Batting: RHB Adrián Velásquez 0-0: Ball
1-0: Ground out 5-3 (Groundball, 56)
Batting: RHB Harry Payne 0-0: Fly out, F9 (Flyball, 9S)
Top of the 5th over - 0 run(s), 0 hit(s), 0 error(s), 0 left on base; Fresno HS 0 - Indianapolis HS 2
BOTTOM OF THE 5TH
Indianapolis HS Rifles batting - Pitching for Fresno HS Red Wings : RHP Tom Land
Batting: RHB Jason Tomlin 0-0: Called Strike
0-1: Foul Ball, location: 2F
0-2: Ball
1-2: Ground out 6-3 (Groundball, 6)
Batting: RHB Juan Valdéz 0-0: Ball
1-0: Foul Ball, location: 2F
1-1: Fly out, F8 (Flyball, 8RS)
Batting: RHB Lorenzo Camacho 0-0: Called Strike
0-1: Ball
1-1: Ball
2-1: Called Strike
2-2: Fly out, F8 (Flyball, 8RS)
Bottom of the 5th over - 0 run(s), 0 hit(s), 0 error(s), 0 left on base; Fresno HS 0 - Indianapolis HS 2
TOP OF THE 6TH
Fresno HS Red Wings batting - Pitching for Indianapolis HS Rifles : LHP Will Hayes
Batting: RHB Thomas English 0-0: Called Strike
0-1: Swinging Strike
0-2: Ball
1-2: Fly out, F4 (Line Drive, 4M)
Batting: SHB Xavier Stout 0-0: Fly out, F9 (Flyball, 9S)
Batting: RHB Bob Howard 0-0: Ball
1-0: Fly out, F8 (Flyball, 78D)
Top of the 6th over - 0 run(s), 0 hit(s), 0 error(s), 0 left on base; Fresno HS 0 - Indianapolis HS 2
BOTTOM OF THE 6TH
Indianapolis HS Rifles batting - Pitching for Fresno HS Red Wings : RHP Tom Land
Batting: RHB Howard Robinson 0-0: Fly out, F8 (Line Drive, 89M)
Batting: LHB James Gibbons 0-0: Ball
1-0: Ball
2-0: Ball
3-0: Base on Balls
Batting: RHB Dwayne Roldán 0-0: Foul Ball, location: 2F
0-1: 2-RUN HOME RUN (Flyball, 78XD), Distance : 406 ft
Batting: LHB Dave Sanders 0-0: Swinging Strike
0-1: Foul Ball, location: 2F
0-2: Ball
1-2: Foul Ball, location: 2F
1-2: Foul Ball, location: 2F
1-2: Single, Error in OF, E8, batter to second base
Batting: RHB Kevin Robinson 0-0: Ball
1-0: Called Strike
1-1: Ball
2-1: Fly out, F4 (Flyball, 34D)
Pitching: RHP Fernando Vázquez
Batting: LHB Benny Marte 0-0: Ball
1-0: Ball
2-0: Called Strike
2-1: Called Strike
2-2: Ball
3-2: Reached on error, E4 (Groundball, 4S)
Dave Sanders to third
Batting: RHB Jason Tomlin 0-0: Called Strike
0-1: Ball
1-1: Ball
2-1: Ball
3-1: Fielders Choice at 2nd, 6-4 (Groundball, 56)
Bottom of the 6th over - 2 run(s), 2 hit(s), 2 error(s), 1 left on base; Fresno HS 0 - Indianapolis HS 4
TOP OF THE 7TH
Fresno HS Red Wings batting - Pitching for Indianapolis HS Rifles : LHP Will Hayes
Pitching: RHP Ramón Silva
Batting: RHB Roberto Santos 0-0: Foul Ball, location: 2F
0-1: Ball
1-1: Ball
2-1: Foul Ball, location: 2F
2-2: Foul Ball, location: 2F
2-2: Ball
3-2: Fly out, F9 (Flyball, 9D)
Batting: RHB Luis Mata 0-0: Foul Ball, location: 2F
0-1: Called Strike
0-2: Ball
1-2: DOUBLE (Line Drive, 78M)
Batting: RHB Harvey Willis 0-0: Called Strike
0-1: Ball
1-1: Ground out 5-3 (Groundball, 56)
Batting: RHB Drew Rice 0-0: Ball
1-0: Called Strike
1-1: Ball
2-1: Foul Ball, location: 2F
2-2: Strikes out swinging
Top of the 7th over - 0 run(s), 1 hit(s), 0 error(s), 1 left on base; Fresno HS 0 - Indianapolis HS 4
BOTTOM OF THE 7TH
Indianapolis HS Rifles batting - Pitching for Fresno HS Red Wings : RHP Fernando Vázquez
Batting: RHB Juan Valdéz 0-0: Ball
1-0: Ball
2-0: Ball
3-0: Base on Balls
Batting: RHB Lorenzo Camacho 0-0: Ball
1-0: Foul Ball, location: 2F
1-1: Sac Bunt - play at first, batter OUT! 1-3
Juan Valdéz to second
Batting: RHB Howard Robinson 0-0: Foul Ball, location: 2F
0-1: Ball
1-1: Ball
2-1: SINGLE (Groundball, 4MD)
Juan Valdéz to third
Batting: LHB James Gibbons 0-0: Called Strike
0-1: Ball
1-1: Ball
2-1: SINGLE (Groundball, 56D)
Juan Valdéz scores
Howard Robinson to second
Batting: RHB Dwayne Roldán 0-0: Ball
1-0: Fly out, F4 (Popup, 4)
Batting: LHB Dave Sanders 0-0: Ball
1-0: Ball
2-0: Called Strike
2-1: Foul Ball, location: 2F
2-2: Ball
3-2: SINGLE (Groundball, 4D)
Howard Robinson to third
James Gibbons to second
Howard Robinson scores
James Gibbons to third
Batting: RHB Kevin Robinson 0-0: Called Strike
0-1: Foul Ball, location: 2F
0-2: Strikes out swinging
Bottom of the 7th over - 2 run(s), 3 hit(s), 0 error(s), 2 left on base; Fresno HS 0 - Indianapolis HS 6
TOP OF THE 8TH
Fresno HS Red Wings batting - Pitching for Indianapolis HS Rifles : RHP Ramón Silva
Batting: RHB Adrián Velásquez 0-0: Ball
1-0: Called Strike
1-1: Ball
2-1: Ball
3-1: Base on Balls
Batting: RHB Harry Payne 0-0: Grounds into double play, 1-4-3 (Groundball, 15S)
Batting: RHB Thomas English 0-0: Ball
1-0: Called Strike
1-1: Foul Ball, location: 2F
1-2: Strikes out swinging
Top of the 8th over - 0 run(s), 0 hit(s), 0 error(s), 0 left on base; Fresno HS 0 - Indianapolis HS 6
BOTTOM OF THE 8TH
Indianapolis HS Rifles batting - Pitching for Fresno HS Red Wings : RHP Fernando Vázquez
Batting: LHB Benny Marte 0-0: Ball
1-0: Called Strike
1-1: Foul Ball, location: 2F
1-2: Fly out, F7 (Flyball, 7D)
Batting: RHB Jason Tomlin 0-0: Foul Ball, location: 2F
0-1: Ground out 6-3 (Groundball, 6)
Batting: RHB Juan Valdéz 0-0: Ball
1-0: Ball
2-0: Ball
3-0: Base on Balls
Batting: RHB Lorenzo Camacho 0-0: Ball
1-0: Ball
2-0: Foul Ball, location: 2F
2-1: Foul Ball, location: 2F
2-2: Ball
3-2: SINGLE (Line Drive, 6MD)
Juan Valdéz to second
Juan Valdéz to third
Batting: RHB Howard Robinson 0-0: Ball
1-0: Ball
2-0: Foul Ball, location: 2F
2-1: Fielders Choice at 2nd, 6-4 (Groundball, 6)
Bottom of the 8th over - 0 run(s), 1 hit(s), 0 error(s), 1 left on base; Fresno HS 0 - Indianapolis HS 6
TOP OF THE 9TH
Fresno HS Red Wings batting - Pitching for Indianapolis HS Rifles : RHP Ramón Silva
Batting: SHB Xavier Stout 0-0: Called Strike
0-1: Called Strike
0-2: Ball
1-2: Strikes out swinging
Batting: RHB Bob Howard 0-0: Ball
1-0: Called Strike
1-1: Ball
2-1: Ball
3-1: Base on Balls
Batting: RHB Roberto Santos 0-0: Called Strike
0-1: Ball
1-1: SINGLE (Groundball, 56S) (infield hit)
Bob Howard to second
Batting: RHB Luis Mata 0-0: Ball
1-0: DOUBLE (Line Drive, 8LD)
Bob Howard scores
Roberto Santos to third
Pitching: RHP Nicholas Richardson
Batting: RHB Harvey Willis 0-0: Fly out, F6 (Line Drive, 56)
Batting: RHB Drew Rice 0-0: Ball
1-0: Ground out 3-1 (Groundball, 34D)
Top of the 9th over - 1 run(s), 2 hit(s), 0 error(s), 2 left on base; Fresno HS 1 - Indianapolis HS 6
Tuesday, August 8th, 2017 - OOTP Baseball 17.12 Build 75